 Dungeon Crawl Stone Soup version 0.29-a0-1008-g949cc1d0fb (webtiles) character file.

Game seed: 6659200139528824768

134 drugrobin the Chopper (level 4, -2/37 HPs)
             Began as a Demigod Fighter on Aug 7, 2022.
             Slain by Natasha (7 damage)
             ... on level 3 of the Dungeon.
             The game lasted 00:05:00 (2783 turns).

drugrobin the Chopper (Demigod Fighter)             Turns: 2783, Time: 00:05:01

Health: -2/37      AC:  7    Str: 27    XL:     4   Next: 64%
Magic:  6/6        EV: 10    Int: 10    God:
Gold:   152        SH:  9    Dex: 13    Spells: 3/3 levels left

rFire   . . .      SeeInvis .   a - +0 war axe
rCold   . . .      Faith    .   c - +0 buckler
rNeg    . . .      Spirit   .   q - +3 leather armour
rPois   +          Reflect  +   n - +0 helmet
rElec   .          Harm     .   (no cloak)
rCorr   .          Rampage  .   (no gloves)
Will    .....                   (no boots)
Stlth   +.........              k - amulet of reflection
HPRegen 0.12/turn               f - +6 ring of strength
MPRegen 0.10/turn               i - ring of poison resistance

@: no status effects
A: high MP 1, forlorn, divine attributes
a: no special abilities


You were on level 3 of the Dungeon.
You visited 1 branch of the dungeon, and saw 3 of its levels.

You collected 152 gold pieces.

Inventory:

Hand Weapons
 a - a +0 war axe (weapon)
 b - a +0 sling
Missiles
 h - 8 poisoned darts (quivered)
 o - 6 boomerangs
Armour
 c - a +0 buckler (worn)
 j - a +0 scale mail
 n - a +0 helmet (worn)
 q - a +3 leather armour (worn)
Jewellery
 f - a +6 ring of strength (left hand)
 i - a ring of poison resistance (right hand)
 k - an amulet of reflection (around neck)
Scrolls
 p - a scroll of blinking {unknown}
 s - a scroll of summoning {unknown}
Potions
 d - 2 potions of might
 e - a potion of flight {unknown}
 g - 2 potions of curing {unknown}
 l - a potion of attraction {unknown}
 m - a potion of degeneration {unknown}
 r - a potion of invisibility {unknown}
 t - a potion of ambrosia {unknown}


   Skills:
 - Level 2.6 Fighting
 + Level 4.7 Axes
 - Level 2.6 Armour
 - Level 2.6 Shields


You had 3 spell levels left.
You didn't know any spells.
Your spell library contained the following spells:

 Spells                   Type           Power      Damage    Failure   Level
 Sublimation of Blood     Necr           0%         N/A       65%         2
 Petrify                  Tmut/Erth      0%         N/A       99%         4
 Irradiate                Conj/Tmut      0%         3d11      100%        5


Dungeon Overview and Level Annotations

Branches:
Dungeon (3/15)

Annotations:
D:3 2 transporters, Natasha; drpainis's ghost, amateur DjFE


Innate Abilities, Weirdness & Mutations

You have an increased reservoir of magic. (+10% MP)
You shall have no god before yourself.
Your divine heritage dramatically boosts your attributes as you level up.


Message History

You hit Natasha.
Natasha is moderately wounded.
You block Natasha's attack.
You barely miss Natasha.
Natasha is moderately wounded.
Natasha casts a spell.
You block Natasha's attack.
You hit Natasha but do no damage.
Natasha is moderately wounded.
You block Natasha's attack.
Unknown command.
Okay, then.
You hit Natasha.
Natasha is severely wounded.
You slash the shadow imp! Natasha claws you. The shadow imp gestures at you.
Pain shoots through your body!
* * * LOW HITPOINT WARNING * * *
Unknown command.
Unknown command.
Unknown command.
You barely miss Natasha.
Natasha is severely wounded.
You hit the shadow imp. Natasha closely misses you.
You block the shadow imp's attack.
Unknown command.
Unknown command.
Unknown command.
Unknown command.
You closely miss Natasha.
Natasha is severely wounded.
You barely miss the shadow imp. Natasha casts a spell at you.
The magic dart hits you.
* * * LOW HITPOINT WARNING * * *
The shadow imp shouts, "Slither hence, thou twisted hell-hated tiddler!"
The shadow imp hits you.
* * * LOW HITPOINT WARNING * * *
Natasha claws you!
You die...

.#..............[...........
............###.......##....
#...........##.....#### ....
...............<.#.# ...
###.###...#......#.# ##
###.....#....###
...............##.
.......##.........>
.......##.5@..##..
...........h.......
..................^
.#######)..!#.....
.....#..... ##....# ....
#....# ... #..$.# ###


You could see Natasha and a shadow imp (summoned).

Vanquished Creatures
  A jelly (D:3)
  Natasha (D:3)
  2 adders (D:2)
  2 worms (D:2)
  A dart slug (D:1)
  A bat (D:1)
  4 endoplasms (D:1)
  A giant cockroach (D:1)
  3 goblins
  5 hobgoblins
  10 jackals
  4 kobolds
  3 quokkas
  4 ball pythons
  4 frilled lizards
  4 rats
50 creatures vanquished.

Notes
Turn   | Place    | Note
-------+----------+-------------------------------------------
     0 | D:1      | drugrobin the Demigod Fighter began the quest for the Orb.
     0 | D:1      | Reached XP level 1. HP: 18/18 MP: 3/3
    29 | D:1      | Reached skill level 2 in Axes
   252 | D:1      | Reached XP level 2. HP: 20/25 MP: 4/4
   647 | D:1      | Reached skill level 3 in Axes
  1560 | D:2      | Reached XP level 3. HP: 30/30 MP: 5/5
  2142 | D:2      | Reached skill level 4 in Axes
  2443 | D:3      | Found a transporter.
  2444 | D:3      | Noticed drpainis's ghost (amateur DjFE)
  2445 | D:3      | Noticed a water moccasin
  2462 | D:3      | Noticed Natasha
  2472 | D:3      | Killed Natasha
  2473 | D:3      | Reached XP level 4. HP: 20/37 MP: 6/6
  2475 | D:3      | Found a transporter.
  2774 | D:3      | Noticed Natasha
  2783 | D:3      | Slain by Natasha

Illustrated notes

Levels and vault maps discovered:
D:1:      tarquinn_simple_flora_water_d, layout_basic,
          dreamdust_ecumenical_altar_grove, hangedman_decor_opposing,
          minmay_crystal_room, lemuel_flame_loot_1
D:2:      layout_loops_ring, grunt_decor_junction, nrook_loot_triangle,
          minmay_misc_feat_alley
D:3:      layout_rooms, gammafunk_ghost_arena, skrybe_limestone_x,
          roderic_lattice_a, uniq_natasha

Skill      XL: |  1  2  3 |
---------------+----------+-----
Axes           | 2 3 4 |  4.7
Fighting       | |  2.6
Armour         | |  2.6
Shields        | |  2.6

Action                   |  1- 3 |  4- 6 || total
-------------------------+-------+-------++-------
Melee: War axe           |   147 |    10 ||   157
 Fire: Sling             |    19 |     5 ||    24
Throw: Dart              |       |     1 ||     1
Armor: Scale mail        |    63 |       ||    63
       Leather armour    |     6 |       ||     6
Dodge: Dodged            |    66 |     1 ||    67
Block: Buckler           |    53 |     6 ||    59

Table legend: (Time is in decaauts)
 A = Elapsed time spent in this place.
 B = Non-inter-level travel time spent in this place.
 C = Inter-level travel time spent in this place.
 D = Time resting spent in this place.
 E = Time spent auto-exploring this place.
 F = Levels seen in this place.
 G = Mean time per level.
                   A        B        C        D        E       F      G
               +--------+--------+--------+--------+--------+-----+--------+
         Total |   2839 |   2769 |     70 |    465 |   1650 |   3 |  946.3 |
       Dungeon |   2839 |   2769 |     70 |    465 |   1650 |   3 |  946.3 |
               +--------+--------+--------+--------+--------+-----+--------+

Top non-repeatable levels by time:
     D:1: 1577 daAuts
     D:2: 903 daAuts
     D:3: 358 daAuts
